 Dungeon Crawl Stone Soup version 0.21-a0-582-g1b93aee (webtiles) character file.

29 wvc the Skirmisher (level 3, -14/28 HPs)
             Began as a Barachi Wanderer on Dec 19, 2017.
             Demolished by an ogre
             ... wielding a +0 giant club
              (18 damage)
             ... on level 1 of the Dungeon.
             The game lasted 00:02:21 (1050 turns).

wvc the Skirmisher (Barachi Wanderer)               Turns: 1050, Time: 00:02:22

Health: -14/28     AC:  5    Str: 11    XL:     3   Next: 16%
Magic:  4/4        EV: 12    Int: 22    God:
Gold:   54         SH:  0    Dex:  8    Spells: 4/4 levels left

rFire    . . .     SeeInvis .   h - +4 spear
rCold    . . .     Gourm    .   (no shield)
rNeg     . . .     Faith    .   i - +0 ring mail
rPois    .         Spirit   .   (no helmet)
rElec    .         Reflect  .   (no cloak)
rCorr    .         Harm     .   (no gloves)
MR       .....                  (no boots)
Stlth    +.........             (no amulet)
HPRegen  0.09/turn              m - +3 ring of evasion
MPRegen  0.09/turn              p - +4 ring of intelligence

@: slow
A: +LOS, swims, slowness 1, strong legs 1
a: Hop


You were on level 1 of the Dungeon.
You were hungry.

You visited 1 branch of the dungeon, and saw 2 of its levels.

You collected 54 gold pieces.

Inventory:

Hand Weapons
 a - a +2 short sword
 e - a +0 dagger
 h - a +4 spear (weapon)
 r - a +5 dagger of draining
Missiles
 o - a throwing net (quivered)
Armour
 i - a +0 ring mail (worn)
Jewellery
 m - a +3 ring of evasion (left hand)
 p - a +4 ring of intelligence (right hand)
 q - an uncursed ring of protection from fire
Scrolls
 d - 3 scrolls of fear {unknown}
 g - 2 scrolls of amnesia {unknown}
 k - 3 scrolls of identify {unknown}
 n - 3 scrolls of remove curse {unknown}
 t - a scroll of fog {unknown}
 u - a scroll of teleportation {unknown}
Potions
 b - 2 potions of lignification
 j - a potion of curing {unknown}
 l - a potion of berserk rage {unknown}
 s - a potion of invisibility {unknown}
Books
 c - the Incunabulum of Summoning

   Spells                             Type                      Level
   a - Summon Small Mammal            Summoning                    1
   b - Call Canine Familiar           Summoning                    3
Comestibles
 f - a ration


   Skills:
 - Level 2.6 Fighting
 - Level 2.1 Short Blades
 * Level 2.2 Polearms
 - Level 1.0 Throwing
 + Level 1.1 Armour
 + Level 0.1 Dodging
 - Level 1.7 Stealth
 - Level 1.1 Spellcasting
   Level 1.2 Summonings
   Level 1.1 Translocations


You had 4 spell levels left.
You didn't know any spells.

Dungeon Overview and Level Annotations

Branches:
Dungeon (2/15)

Altars:


Innate Abilities, Weirdness & Mutations

Shadows flee at your approach. (+LOS)
You can swim through water.
You cover ground slowly.
You can hop short distances.


Message History

The ogre is moderately wounded.
The ogre hits you with a giant club!!
Ouch! That really hurt!
You are too injured to fight recklessly!
You are too injured to fight recklessly!
You are too injured to fight recklessly!
The ogre hits you with a giant club.
* * * LOW HITPOINT WARNING * * *
There is a stone staircase leading up here.
The ogre closely misses you.
You climb upwards.
There is a stone staircase leading down here.
Throwing (i - inventory):
o - 2 throwing nets (quivered)
Press: ? - help, Shift-Dir - straight line, f - ogre
Aim: an ogre, wielding a giant club (moderately wounded)
You throw a throwing net.
The throwing net completely misses the ogre.
The ogre hits you with a giant club!!
Ouch! That really hurt!
You die...

#..#####(###......###.##.### #.##
.#........###.#.#..........###.##
..#####....#...................##
.....#......#.#.#.##...###.######
....#......#(.....###.## #.......
....#.....###.#.### #.# ########
.....#...###.....# #.# ..#####.##
##)#O## #.# .#......# #....@# #.#
#..###### ###.#)## #.# ..###
#......# #.# ....# #.#.#.## #.#
###### ###.#######......# #.#
#....# # #.........#.#.## #.#
#.##.#### #
#..###.........####.###........
###..# #.#.##.#.#.....(......####
.....# #.#.########.....##...# #


You could see an ogre.

Vanquished Creatures
  An adder (D:1)
  A giant cockroach (D:1)
  6 hobgoblins (D:1)
  A kobold (D:1)
  3 frilled lizards (D:1)
  6 goblins (D:1)
18 creatures vanquished.

Notes
Turn   | Place    | Note
-------+----------+-------------------------------------------
     0 | D:1      | wvc the Barachi Wanderer began the quest for the Orb.
     0 | D:1      | wvc set off with: a +2 short sword, a potion of lignification, the Incunabulum of Summoning, a +0 robe, a +0 dagger, a ration
     0 | D:1      | Reached XP level 1. HP: 17/17 MP: 2/2
   200 | D:1      | Reached skill level 1 in Polearms
   299 | D:1      | Reached XP level 2. HP: 23/23 MP: 3/3
  1033 | D:1      | Reached skill level 1 in Armour
  1033 | D:1      | Reached XP level 3. HP: 28/28 MP: 4/4
  1038 | D:2      | Noticed an ogre
  1050 | D:1      | Demolished by an ogre

Vault maps used:
D:1:      scummos_arrival_star, st_stairs_13
D:2:      first_ration, uniq_terence

Skill      XL: |  1  2 |
---------------+-------+-----
Polearms       | 1 2 |  2.2
Armour         | 1 |  1.1
Fighting       | |  2.6
Short Blades   | |  2.1
Throwing       | |  1.0
Dodging        | |  0.1
Stealth        | |  1.7
Spellcasting   | |  1.1
Summonings     | |  1.2
Translocations | |  1.1

Action                   || total
-------------------------++-------
Melee: Spear             ||    35
       Short sword       ||     1
Throw: Throwing net      ||     1
 Stab: Sleeping          ||     2
Armor: Ring mail         ||     2
       Robe              ||     1
Dodge: Dodged            ||    15

Table legend:
 A = Spawn XP
 B = Non-spawn XP
 C = Spawn XP percentage of total XP
 D = Spawn monster count
 E = Non-spawn monster count
 F = Spawn count percentage of total count
 G = Total turns spent on level
                    A         B        C        D         E        F      G
               +---------+---------+-------+---------+---------+-------+---------
         Total |       0 |      42 |   0.0 |       0 |      18 |   0.0 |  1050
               +---------+---------+-------+---------+---------+-------+---------
           D:1 |       0 |      42 |   0.0 |       0 |      18 |   0.0 |  1032
               +---------+---------+-------+---------+---------+-------+---------
